 Dungeon Crawl Stone Soup version 0.30-a0-534-gdc55766716 (webtiles) character file.

Game seed: 2700935685463963674

98 mandarbmax the Slasher (level 4, -1/37 HPs)
             Began as a Barachi Reaver on Dec 24, 2022.
             Killed from afar by a dart slug (2 damage)
             ... with a slug dart
             ... on level 3 of the Dungeon.
             The game lasted 00:06:07 (2116 turns).

mandarbmax the Slasher (Barachi Reaver)             Turns: 2116, Time: 00:06:08

Health: -1/37      AC:  5    Str: 13    XL:     4   Next: 71%
Magic:  15/16      EV: 12    Int: 16    God:
Gold:   124        SH:  0    Dex: 16    Spells: 3/7 levels left

rFire   + . .      SeeInvis .    p - +0 long sword
rCold   + . .      Faith    .    (no shield)
rNeg    . . .      Spirit   .    v - +2 leather armour {rPois}
rPois   +          Reflect  .    (helmet currently unavailable)
rElec   .          Harm     .    j - scarf {rC+ rF+}
rCorr   .          Rampage  .    (no gloves)
Will    .....                    (boots currently unavailable)
Stlth   +                        (no amulet)
HPRegen 0.26/turn                r - +6 ring of dexterity
MPRegen 0.15/turn                m - ring of magical power

@: mighty, appendages, slow
A: horns 2, talons 2, amphibious, slowness 1, strong legs 1, +LOS
a: Hop, End Transformation


You were on level 3 of the Dungeon.
You had temporarily grown beastly horns and talons.
You visited 1 branch of the dungeon, and saw 3 of its levels.

You collected 124 gold pieces.

Inventory:

Hand Weapons
 p - a +0 long sword (weapon)
Missiles
 d - 6 poisoned darts
 e - 2 javelins
Armour
 b - a +0 helmet (melded)
 j - a scarf of resistance (worn)
 v - a +2 leather armour of poison resistance (worn)
Jewellery
 m - a ring of magical power (right hand)
 r - a +6 ring of dexterity (left hand)
 u - a ring of magical power
Scrolls
 a - a scroll of teleportation {unknown}
 c - 3 scrolls of identify {unknown}
 f - a scroll of torment {unknown}
 g - a scroll of enchant weapon {unknown}
 o - a scroll of summoning {unknown}
 q - a scroll of immolation {unknown}
 s - a scroll of noise {unknown}
 t - a scroll of blinking {unknown}
Potions
 h - a potion of heal wounds {unknown}
 i - a potion of brilliance {unknown}
 k - a potion of might
 l - a potion of flight {unknown}
 n - a potion of curing {unknown}


   Skills:
 - Level 4.0 Fighting
 - Level 4.2 Long Blades
 - Level 3.0 Dodging
 - Level 2.1 Spellcasting
 - Level 3.2 Conjurations
 + Level 2.1 Transmutations


You had 3 spell levels left.
You knew the following spells:

 Your Spells              Type           Power      Damage    Failure   Level
a - Kiss of Death         Conj/Necr      28%        2d7       13%         1
b - Beastly Appendage     Tmut           16%        N/A       11%         1
c - Wereblood             Tmut           8%         N/A       16%         2

Your spell library contained the following spells:

 Spells                   Type           Power      Damage    Failure   Level
 Momentum Strike          Conj/Tloc      14%        3d8       21%         2
 Hailstorm                Conj/Ice       7%         3d4       36%         3
 Spider Form              Tmut/Pois      5%         N/A       45%         3
 Frozen Ramparts          Ice            2%         1d1       61%         3
 Portal Projectile        Hex/Tloc       2%         N/A       61%         3
 Tukima's Dance           Hex            1%         N/A       61%         3
 Ice Form                 Ice/Tmut       5%         N/A       86%         4
 Summon Ice Beast         Ice/Summ       1%         N/A       95%         4
 Blade Hands              Tmut           4%         N/A       96%         5


Dungeon Overview and Level Annotations

Branches:
Dungeon (3/15)

Altars:
Dithmenos

Annotations:
D:3 1 runed translucent door, NinjaNoafa's ghost, amateur MfGl


Innate Abilities, Weirdness & Mutations

You have temporarily grown beastly horns and talons.
You are amphibious.
You cover ground slowly.
You can hop short distances.
You have an extended range of vision and can be seen from far away.


Message History

Ijyb is moderately wounded.
Ijyb hits you but does no damage.
You barely miss Ijyb. Your kick misses Ijyb.
Ijyb is moderately wounded.
Your horns disappear.
Your talons disappear.
Your +0 helmet unmelds from your body.
Ijyb zaps a wand.
The roots erupt in riotous growth!
The grasping roots grab you!
Ijyb is unaffected.
The grasping roots constrict you.
Casting: Beastly Appendage (safe; 11% risk of failure)
Confirm with . or Enter, or press ? or * to list all spells.
You grow a pair of large bovine horns.
Your feet morph into talons.
Your +0 helmet melds into your body.
Ijyb hits you with a +0 dagger. The grasping roots constrict you.
You closely miss Ijyb. You claw Ijyb, but do no damage.
Ijyb is moderately wounded.
Ijyb hits you with a +0 dagger. The grasping roots constrict you.
You barely miss Ijyb. You headbutt Ijyb.
Ijyb is heavily wounded.
Ijyb hits you with a +0 dagger. The grasping roots constrict you.
* * * LOW HITPOINT WARNING * * *
Ijyb hits you with a +0 dagger.
* * * LOW HITPOINT WARNING * * *
The grasping roots constrict you.
* * * LOW HITPOINT WARNING * * *
The grasping roots release their grip on you.
Unknown command.
It was a potion of might.
You feel very mighty all of a sudden.
An adder comes into view.
The dart slug launches a dart at you. The slug dart misses you.
Ijyb hits you with a +0 dagger.
* * * LOW HITPOINT WARNING * * *
Okay, then.
The adder hisses angrily.
You slash Ijyb! Your kick misses Ijyb. You headbutt Ijyb!
You kill Ijyb!
The dart slug launches a dart at you. The slug dart hits you.
You die...

.. .. #. ### #.#
..###...#####..#########
..............).........
.........# #..# ##
#######...# ##.# .... ##
#...### #@####..# .##
#.#.#.###.)....# ..##
#.._..##.w.†..## #..#####
#.#....###...# ##.....#
#...#....[..###
#####.####...#####..+FSW~
#......#.## .#####
####......# ....
#.†####..... .?..#


You could see a bullfrog, NinjaNoafa's ghost, an adder and a dart slug.

Vanquished Creatures
  Ijyb (D:3)
  Robin (D:3)
  An adder (D:3)
  A worm (D:2)
  3 dart slugs
  5 endoplasms
  2 giant cockroaches (D:2)
  12 goblins
  9 hobgoblins
  A jackal (D:3)
  5 kobolds
  5 quokkas
  2 ball pythons (D:3)
  4 bats
  5 frilled lizards
  8 rats
65 creatures vanquished.

Notes
Turn   | Place    | Note
-------+----------+-------------------------------------------
     0 | D:1      | mandarbmax the Barachi Reaver began the quest for the Orb.
     0 | D:1      | Reached XP level 1. HP: 17/17 MP: 3/3
   132 | D:1      | Reached XP level 2. HP: 4/23 MP: 3/5
   289 | D:1      | Learned a level 1 spell: Beastly Appendage
   292 | D:1      | Learned a level 2 spell: Wereblood
   436 | D:1      | Reached XP level 3. HP: 29/29 MP: 2/6
   647 | D:1      | Found a faded altar of an unknown god.
  1073 | D:2      | Reached skill level 1 in Transmutations
  1966 | D:3      | Noticed Robin
  1972 | D:3      | Reached XP level 4. HP: 35/35 MP: 7/7
  1990 | D:3      | Killed Robin
  2093 | D:3      | Found a shadowy altar of Dithmenos.
  2097 | D:3      | Found a runed translucent door.
  2097 | D:3      | Noticed a bullfrog
  2099 | D:3      | Noticed NinjaNoafa's ghost (amateur MfGl)
  2101 | D:3      | Noticed Ijyb
  2115 | D:3      | HP: 1/37 [Ijyb/+0 dagger (1)]
  2116 | D:3      | Killed Ijyb
  2116 | D:3      | Killed from afar by a dart slug

Illustrated notes

Levels and vault maps discovered:
D:1:      evilmike_arrival_rings, layout_basic, ebering_ecumenical_altar_hall
D:2:      layout_basic, serial_park_tiny_2
D:3:      layout_rooms, mainiacjoe_overflow_small_starburst,
          lemuel_crystal_altar, ebering_ghost_sewer_d, uniq_pargi, uniq_ijyb,
          uniq_robin

Skill      XL: |  1  2  3  4 |
---------------+-------------+-----
Long Blades    | 4 |  4.2
Fighting       | 3 4 |  4.0
Transmutations | 1 2 |  2.1
Dodging        | 3 |  3.0
Spellcasting   | |  2.1
Conjurations   | |  3.2

Action                   |  1- 3 |  4- 6 || total
-------------------------+-------+-------++-------
Melee: Falchion          |    82 |       ||    82
       Kick              |    11 |     1 ||    12
       Headbutt          |     2 |     6 ||     8
       Long sword        |    18 |    25 ||    43
       Punch             |     1 |       ||     1
Throw: Javelin           |       |     1 ||     1
 Cast: Beastly Appendage |    21 |     5 ||    26
       Wereblood         |     9 |       ||     9
 Abil: Hop               |     1 |       ||     1
  Use: Potion            |       |     1 ||     1
Armor: Leather armour    |    36 |    21 ||    57
Dodge: Dodged            |    76 |    36 ||   112

Table legend: (Time is in decaauts)
 A = Elapsed time spent in this place.
 B = Non-inter-level travel time spent in this place.
 C = Inter-level travel time spent in this place.
 D = Time resting spent in this place.
 E = Time spent auto-exploring this place.
 F = Levels seen in this place.
 G = Mean time per level.
                   A        B        C        D        E       F      G
               +--------+--------+--------+--------+--------+-----+--------+
         Total |   2373 |   2361 |     12 |     41 |   1880 |   3 |  791.0 |
       Dungeon |   2373 |   2361 |     12 |     41 |   1880 |   3 |  791.0 |
               +--------+--------+--------+--------+--------+-----+--------+

Top non-repeatable levels by time:
     D:2: 1175 daAuts
     D:1: 978 daAuts
     D:3: 219 daAuts
